 Dungeon Crawl Stone Soup version 0.29-a0-11-ga75d3d97ab (webtiles) character file.

Game seed: 11147279640680928015

4440 kae the Grappler (level 10, -13/98 HPs)
             Began as a Green Draconian Transmuter on Jan 28, 2022.
             Was a Believer of Ru.
             Killed from afar by Maggie (25 damage)
             ... with a bolt of fire
             ... on level 8 of the Dungeon.
             The game lasted 00:05:36 (10398 turns).

kae the Grappler (Green Draconian Transmuter)      Turns: 10398, Time: 00:05:37

Health: -13/98     AC:  8    Str: 14    XL:     10   Next: 14%
Magic:  17/17      EV: 11    Int: 17    God:    Ru [**....]
Gold:   730        SH:  0    Dex: 11    Spells: 11/19 levels left

rFire   x . .      SeeInvis .     - Unarmed
rCold   + + +      Faith    .   (shield currently unavailable)
rNeg    . . .      Spirit   .   (armour unavailable)
rPois   +          Reflect  .   (helmet currently unavailable)
rElec   .          Harm     .   (cloak currently unavailable)
rCorr   .          Rampage  .   (gloves currently unavailable)
Will    .....                   (boots currently unavailable)
Stlth   +.........              (no amulet)
HPRegen 0.26/turn               (no ring)
MPRegen 0.15/turn               (no ring)

@: ice-form, marked
A: freezing attack, amphibious, boosted hp, (breathe noxious fumes), AC +7,
large, unfitting armour, (poison resistance), (cold-blooded), hated by all
a: End Transformation, Renounce Religion


You were on level 8 of the Dungeon.
You worshipped Ru.
Ru was pleased with you.
You were a creature of crystalline ice.
You visited 2 branches of the dungeon, and saw 9 of its levels.

You collected 730 gold pieces.

Inventory:

Magical Staves
 i - a staff of poison (melded)
Jewellery
 k - a ring of see invisible
 o - an amulet of reflection
Wands
 m - a wand of digging (5)
 n - a wand of flame (50)
Scrolls
 d - 4 scrolls of enchant weapon
 g - 3 scrolls of amnesia
 l - a scroll of fear
 p - 3 scrolls of magic mapping
 r - 2 scrolls of teleportation
Potions
 a - 3 potions of flight
 b - a potion of degeneration
 c - 2 potions of attraction
 e - 5 potions of curing
 f - a potion of berserk rage
 j - a potion of might
 q - a potion of haste {unknown}
 s - 2 potions of brilliance {unknown}


   Skills:
 + Level 5.6 Fighting
 + Level 5.0 Dodging
 * Level 8.0 Unarmed Combat
 + Level 5.0 Spellcasting
 * Level 7.5 Transmutations
 - Level 5.0 Ice Magic
 - Level 2.4 Poison Magic


You had 11 spell levels left.
You knew the following spells:

 Your Spells              Type           Power      Damage    Failure   Level
a - Beastly Appendage     Tmut           60%        N/A       1%          1
b - Spider Form           Tmut/Pois      21%        N/A       5%          3
c - Ice Form              Ice/Tmut       25%        N/A       11%         4

Your spell library contained the following spells:

 Spells                   Type           Power      Damage    Failure   Level
 Freeze                   Ice            84%        1d10      1%          1
 Wereblood                Tmut           30%        N/A       1%          2
 Frozen Ramparts          Ice            42%        1d6       5%          3
 Sublimation of Blood     Necr           4%         N/A       22%         2
 Petrify                  Tmut/Erth      17%        N/A       30%         4
 Hailstorm                Conj/Ice       12%        3d5       45%         4
 Irradiate                Conj/Tmut      8%         3d16      63%         5


Dungeon Overview and Level Annotations

Branches:
Dungeon (8/15)             Temple (1/1) D:5
   Lair: D:8-11

Altars:
Ashenzari
Cheibriados
Dithmenos
Elyvilon
Fedhas
Gozag
Hepliaklqana
Kikubaaqudgha
Nemelex Xobeh
Okawaru
Qazlal
Ru
Sif Muna
Trog
Uskayaw
Vehumet
Wu Jian
Xom
Yredelemnul
Zin
The Shining One

Shops:
D:4 *   D:6 :

Annotations:
D:8 Maggie


Innate Abilities, Weirdness & Mutations

You are a creature of crystalline ice.
You have a powerful freezing melee attack.
You are amphibious.
Your maximum health is increased.
Your armour is entirely melded.
You are incapable of wielding weapons or throwing items.
((You can breathe blasts of noxious fumes.))
((Your lurid green scales are hard. (AC +7)))
You cannot fit into any form of body armour.
((Your system is resistant to poisons. (rPois)))
((You are cold-blooded and may be slowed by cold attacks.))
You are hated by all.


Message History

You convulse.
You catch the helpless Maggie completely off-guard!
You pummel Maggie!!
Maggie is moderately wounded.
Maggie casts a spell at you. The bolt of fire hits you!
The fire burns you terribly!
You are too injured to fight recklessly!
You are too injured to fight recklessly!
You are too injured to fight recklessly!
You punch Maggie! You freeze Maggie.
Maggie is heavily wounded.
You hit Maggie but do no damage.
Maggie is heavily wounded.
Maggie barely misses you.
You hit Maggie. You freeze Maggie.
Maggie is severely wounded.
Maggie says, "Fear not.
I will immortalize you in the tale of my first kill."
Maggie hits you with the +9 lance "Wyrmbane" {slay drac, rPois rF+ rC+ AC+3}!
You convulse.
You catch the helpless Maggie completely off-guard!
You hit Maggie.
Maggie is severely wounded.
Maggie closely misses you.
You punch Maggie! You freeze Maggie.
Maggie is almost dead.
Maggie is no longer blind.
Maggie hits you with the +9 lance "Wyrmbane" {slay drac, rPois rF+ rC+ AC+3}!
You convulse!
You punch Maggie!
Maggie is almost dead.
Maggie hits you with the +9 lance "Wyrmbane" {slay drac, rPois rF+ rC+ AC+3}!
* * * LOW HITPOINT WARNING * * *
You convulse!
* * * LOW HITPOINT WARNING * * *
You hit Maggie but do no damage.
Maggie is almost dead.
Maggie says, "If you die in the Dungeon, but nobody's around to see it, does it really matter?"
Maggie casts a spell at you. The bolt of fire hits you!!
The fire burns you terribly!
You die...

####### #.....#
#<....# #.##..#
#..†).#
#......#))#+#######
#....####.........#
#....+............#
#....#####..Y.....#
#.... +...@....#
##+## #.....[.(..
#...?......
..#####.... ...+
.... .... ... .....
##


You could see Maggie.

Vanquished Creatures
  A centaur zombie (D:6)
  A hornet (D:5)
  3 vampire mosquitoes (D:6)
  3 water moccasins (D:4)
  2 hornet zombies
  An orc warrior (D:7)
  2 necrophages
  An ice beast (D:5)
  A sky beast (D:7)
  4 ogres
  5 black bears
  6 bullfrogs
  4 scorpions
  3 water moccasin zombies
  A howler monkey (D:5)
  3 wights
  A bullfrog zombie (D:6)
  2 gnoll shamans (D:5)
  4 hounds (D:5)
  A jelly (D:8)
  An orc priest (D:7)
  6 iguanas
  Ijyb (D:4)
  2 orc wizards
  A killer bee zombie (D:5)
  A hound skeleton (D:5)
  Robin (D:4)
  2 howler monkey skeletons (D:5)
  14 gnolls (D:5)
  7 adders
  An adder skeleton (D:4)
  3 worms
  5 dart slugs
  10 orcs
  9 ball pythons
  11 endoplasms
  A giant cockroach (D:1)
  16 goblins
  5 hobgoblins
  5 jackals
  3 kobolds
  3 quokkas
  3 bats
  3 rats
163 creatures vanquished.

Notes
Turn   | Place    | Note
-------+----------+-------------------------------------------
     0 | D:1      | kae the Draconian Transmuter began the quest for the Orb.
     0 | D:1      | Reached XP level 1. HP: 16/16 MP: 3/3
   474 | D:1      | Reached XP level 2. HP: 19/23 MP: 3/5
  1444 | D:2      | Reached XP level 3. HP: 28/28 MP: 6/6
  1448 | D:2      | Learned a level 3 spell: Spider Form
  2518 | D:3      | Found a faded altar of an unknown god.
  2806 | D:4      | Reached XP level 4. HP: 22/35 MP: 7/7
  2941 | D:4      | Reached skill level 1 in Poison Magic
  3274 | D:4      | Found an ancient bone altar of Kikubaaqudgha.
  3361 | D:4      | Noticed Robin
  3367 | D:4      | Noticed Ijyb
  3377 | D:4      | Reached XP level 5. HP: 41/41 MP: 4/8
  3471 | D:4      | Killed Robin
  3523 | D:4      | Learned a level 4 spell: Ice Form
  3577 | D:4      | Killed Ijyb
  3885 | D:4      | Noticed an ogre
  3892 | D:4      | Killed an ogre
  3893 | D:4      | Reached skill level 4 in Unarmed Combat
  3893 | D:4      | Reached skill level 1 in Ice Magic
  3893 | D:4      | Reached XP level 6. HP: 48/48 MP: 5/10
  3940 | D:4      | Found Nithreuk's Serpentskin Sales.
  3940 | D:4      | Noticed a water moccasin
  3940 | D:4      | Noticed a water moccasin
  3941 | D:4      | Noticed a water moccasin
  3949 | D:4      | Killed a water moccasin
  3953 | D:4      | Killed a water moccasin
  3958 | D:4      | Killed a water moccasin
  3959 | D:4      | Your scales start taking on a lurid green colour.
  3959 | D:4      | Reached XP level 7. HP: 15/56 MP: 4/11
  3959 | D:4      | Gained mutation: Your system is resistant to poisons.
                  | (rPois) [Green Draconian growth]
  4598 | D:5      | Entered Level 5 of the Dungeon
  4692 | D:5      | Reached skill level 5 in Unarmed Combat
  4850 | D:5      | Found a staircase to the Ecumenical Temple.
  4870 | Temple   | Entered the Ecumenical Temple
  4974 | D:5      | Reached XP level 8. HP: 59/63 MP: 9/13
  5281 | Temple   | Became a worshipper of Ru the Awakened
  5588 | D:5      | Reached skill level 5 in Transmutations
  5707 | D:5      | Reached skill level 6 in Unarmed Combat
  5778 | D:5      | Noticed a hornet
  5795 | D:5      | Killed a hornet
  6276 | D:5      | Reached XP level 9. HP: 71/71 MP: 11/15
  6856 | D:5      | Reached skill level 5 in Ice Magic
  7305 | D:6      | Found Syvaamerph's Book Shoppe.
  7432 | D:6      | Gained mutation: You are hated by all. [Ru sacrifice]
  7432 | D:6      | Reached * piety under Ru
  7432 | D:6      | Reached ** piety under Ru
  7898 | D:6      | Reached skill level 7 in Unarmed Combat
  8148 | D:6      | Reached skill level 5 in Fighting
  9080 | D:7      | Found a white marble altar of Elyvilon.
  9518 | D:7      | Found an ornate altar of the Wu Jian Council.
  9608 | D:7      | Reached XP level 10. HP: 81/81 MP: 12/17
  9688 | D:7      | Reached skill level 5 in Dodging
  9688 | D:7      | Reached skill level 5 in Spellcasting
 10218 | D:7      | Reached skill level 8 in Unarmed Combat
 10384 | D:8      | Noticed Maggie
 10398 | D:8      | Killed from afar by Maggie

Illustrated notes

Levels and vault maps discovered:
D:1:      tarquinn_simple_flora_water_d, layout_loops_corners
D:2:      layout_loops_cross, minmay_misc_feat_iff, nrook_campfire
D:3:      layout_rooms, hellmonk_ecumenical_altar_leap_of_faith,
          minmay_misc_feat_rugged
D:4:      layout_gridville, mainiacjoe_overflow_catwalk, guppyfry_shop_venom,
          uniq_robin, uniq_ijyb
D:5:      minmay_polygon_palace, layout_cave_pools, temple_statues,
          grunt_decor_clamped, bh_walls_and_bars
D:6:      layout_basic, kennysheep_mini_moat, serial_shops, shop,
          kennysheep_generic_room_4
D:7:      layout_layer_cave, general_overflow_altar,
          nicolae_elyvilon_peaceful_grove, mainiacjoe_overflow_brackets,
          grunt_ministairs_10
D:8:      layout_basic, serial_shops, shop_statue, uniq_maggie
Temple:   regret_index_temple_sphere_string

Skill      XL: |  1  2  3  4  5  6  7  8  9 10 |
---------------+-------------------------------+-----
Dodging        | 2 3 4 5 |  5.0
Poison Magic   | 1 2 |  2.4
Transmutations | 3 4 5 7 |  7.5
Fighting       | 2 3 4 5 |  5.6
Unarmed Combat | 4 5 6 7 8 |  8.0
Ice Magic      | 1 2 3 4 5 |  5.0
Spellcasting   | 3 4 5 |  5.0

Action                   |  1- 3 |  4- 6 |  7- 9 | 10-12 || total
-------------------------+-------+-------+-------+-------++-------
Melee: Unarmed           |    89 |    60 |   288 |    45 ||   482
       Kick              |    21 |     8 |     2 |       ||    31
       Headbutt          |    15 |     8 |     1 |       ||    24
       Tailslap          |     9 |     1 |     9 |       ||    19
       Punch             |     4 |       |     4 |       ||     8
       Staff             |    12 |    25 |    47 |       ||    84
 Cast: Beastly Appendage |    31 |    12 |     1 |       ||    44
       Spider Form       |       |     6 |    17 |       ||    23
       Ice Form          |       |     1 |    21 |     4 ||    26
Invok: Sacrifice Love    |       |       |     1 |       ||     1
 Abil: Breathe Noxious F |       |       |     3 |       ||     3
  Use: Scroll            |     7 |     1 |     8 |     1 ||    17
 Stab: Confused          |       |       |     2 |       ||     2
       Invisible         |       |       |       |     2 ||     2
Armor: Skin              |    27 |    16 |    86 |     8 ||   137
Dodge: Dodged            |    71 |    64 |   237 |    20 ||   392

Table legend: (Time is in decaauts)
 A = Elapsed time spent in this place.
 B = Non-inter-level travel time spent in this place.
 C = Inter-level travel time spent in this place.
 D = Time resting spent in this place.
 E = Time spent auto-exploring this place.
 F = Levels seen in this place.
 G = Mean time per level.
                   A        B        C        D        E       F      G
               +--------+--------+--------+--------+--------+-----+--------+
         Total |  10376 |  10093 |    283 |    388 |   8320 |   9 | 1152.9 |
       Dungeon |  10063 |   9837 |    226 |    298 |   8180 |   8 | 1257.9 |
        Temple |    313 |    256 |     57 |     90 |    140 |   1 |  313.0 |
               +--------+--------+--------+--------+--------+-----+--------+

Top non-repeatable levels by time:
     D:5: 2027 daAuts
     D:4: 1943 daAuts
     D:6: 1733 daAuts
     D:7: 1434 daAuts
     D:1: 1300 daAuts
     D:2: 911 daAuts
     D:3: 679 daAuts
  Temple: 313 daAuts
     D:8: 34 daAuts
